AoeStats
← el gordo eduardo

Arabia

507361335Analyzed
1v1 RM · 15d ago on Sep 17, 2026· 20m 4s· 2 players
Game mode
Random Map
Map size
Tiny (2 player)
Population
200
Speed
Normal
Resources
Standard
Victory
Conquest
Starting age
Dark Age
Ending age
Imperial Age
RankedLock teamsTeams togetherTeam positionsShared explorationLock speedFull tech treeHidden civsTurbo modeCheats
Victory
Defeat
🇬🇧 Franks · United Kingdom
220
+7
🇦🇷 Italians · Argentina
—
el gordo eduardo
12:02 Feudal Age
12:47 Double-Bit Axe
12:47 Horse Collar
13:01 Gold Mining
13:02 Stone Mining
17:59 Loom
21:20 Castle Age
ukrc786
2:02 Loom
11:05 Feudal Age
12:29 Double-Bit Axe
12:35 Man-at-Arms
16:26 Forging
16:07 Fletching
Connection lost

Rejoining the realm…

Still unreachable

The connection could not be restored.

Session expired

The server has moved on; the page needs a fresh start.